 Dungeon Crawl Stone Soup version 0.21.0-3-g78d12a8 (webtiles) character file.

42 negitausen the Chopper (level 3, -1/33 HPs)
             Began as a Minotaur Berserker on Jan 13, 2018.
             Was a Believer of Trog.
             Slain by a worm (10 damage)
             ... on level 2 of the Dungeon.
             The game lasted 00:06:06 (848 turns).

negitausen the Chopper (Minotaur Berserker)          Turns: 848, Time: 00:06:07

Health: -1/33      AC:  3    Str: 22    XL:     3   Next: 35%
Magic:  2/2        EV: 12    Int:  4    God:    Trog [**....]
Gold:   58         SH:  0    Dex:  9    Spells: 2/2 levels left

rFire    . . .     SeeInvis .   a - +1 hand axe
rCold    . . .     Gourm    .   (no shield)
rNeg     . . .     Faith    .   e - +0 leather armour
rPois    .         Spirit   .   (helmet restricted)
rElec    .         Reflect  .   (no cloak)
rCorr    .         Harm     .   (no gloves)
MR       .....                  (no boots)
Stlth    +.........             (no amulet)
HPRegen  0.11/turn              (no ring)
MPRegen  0.08/turn              (no ring)

@: no status effects
A: retaliatory headbutt, horns 2
a: Berserk, Trog's Hand, Burn Spellbooks, Renounce Religion


You were on level 2 of the Dungeon.
You worshipped Trog.
Trog was pleased with you.
You were not hungry.

You visited 1 branch of the dungeon, and saw 2 of its levels.

You collected 58 gold pieces.

Inventory:

Hand Weapons
 a - a +1 hand axe (weapon)
Missiles
 g - 7 poisoned needles
 h - 25 stones (quivered)
Armour
 b - a +0 animal skin
 e - a +0 leather armour (worn)
Scrolls
 d - a scroll of identify
Comestibles
 c - 4 rations
 f - 4 chunks of flesh


   Skills:
 + Level 4.2 Fighting
 * Level 4.7 Axes
 + Level 2.6 Armour
 + Level 2.3 Dodging


You had 2 spell levels left.
You didn't know any spells.

Dungeon Overview and Level Annotations

Branches:
Dungeon (2/15)

Altars:
Trog


Innate Abilities, Weirdness & Mutations

You reflexively headbutt those who attack you in melee.
You have a pair of horns on your head.


Message History

Aim: a worm (slow)
You toss away a poisoned needle.
The poisoned needle hits the worm.
The worm is no longer berserk.
You see here 26 stones.
h - 26 stones Throwing (i - inventory):
h - 26 stones (quivered)
Press: ? - help, Shift-Dir - straight line, f/p - worm
Aim: a worm (slow)
You throw a stone.
The stone hits the worm but does no damage.
The worm looks more energetic.
You hit the worm but do no damage.
The worm looks more energetic.
You slash the worm!
The worm is heavily wounded.
The worm bites you.
* * * LOW HITPOINT WARNING * * *
You hit the worm.
The worm is severely wounded.
The worm bites you!
You die...

######### #.......#
#. ###.......# .#
#.........# ...
.##.......%@####.#.#
...
.#.......w........#
#.#
##.#.....w...###.#.#
#..###.?#.........#
#.#.#.....(.#####.#
#.##.#..#(#.# #.#
#.#..>....#.# #..
#(#..#..#.#.# ####
#†#†.#..#.#.####.


You could see 2 worms.

Vanquished Creatures
  3 worms (D:2)
  A dart slug (D:1)
  A leopard gecko (D:1)
  3 bats
  2 giant cockroaches
  4 goblins
  5 hobgoblins
  2 ball pythons
  3 frilled lizards
  2 kobolds (D:1)
  5 rats
31 creatures vanquished.

Notes
Turn   | Place    | Note
-------+----------+-------------------------------------------
     0 | D:1      | negitausen the Minotaur Berserker began the quest for the Orb.
     0 | D:1      | Reached XP level 1. HP: 19/19 MP: 0/0
     2 | D:1      | Noticed a ghoul
     2 | D:1      | Noticed a halfling
     4 | D:1      | Noticed an ogre
     4 | D:1      | Noticed a demonspawn
     6 | D:1      | Noticed a centaur
     8 | D:1      | Noticed a tengu
    10 | D:1      | Noticed an octopode
    10 | D:1      | Noticed a naga
    12 | D:1      | Noticed a merfolk
    12 | D:1      | Noticed a spriggan
    14 | D:1      | Noticed a felid
    16 | D:1      | Noticed a draconian
    16 | D:1      | Noticed an elf
    18 | D:1      | Noticed a troll
    20 | D:1      | Noticed a vine stalker
    20 | D:1      | Noticed a gargoyle
    22 | D:1      | Noticed a minotaur
    22 | D:1      | Noticed a human
    24 | D:1      | Noticed a demigod
    24 | D:1      | Noticed a dwarf
    28 | D:1      | Noticed a formicid
    28 | D:1      | Noticed a vampire
    80 | D:1      | Reached XP level 2. HP: 18/27 MP: 1/1
   618 | D:2      | Reached ** piety under Trog
   664 | D:2      | Reached XP level 3. HP: 29/33 MP: 2/2
   796 | D:2      | Noticed a moth of wrath
   799 | D:2      | Found a bloodstained altar of Trog.
   848 | D:2      | Slain by a worm

Skill      XL: |  1  2 |
---------------+-------+-----
Fighting       | 4 |  4.2
Axes           | 4 |  4.7
Armour         | |  2.6
Dodging        | |  2.3

Action                   || total
-------------------------++-------
Melee: Hand axe          ||    57
       Headbutt          ||    11
Throw: Stone             ||     1
  Use: Scroll            ||     4
       Potion            ||     2
Armor: Animal skin       ||     4
       Leather armour    ||     2
Dodge: Dodged            ||    26
